 Dungeon Crawl Stone Soup version 0.18.1-8-gdd0e5ea (webtiles) character file.

259932 Peloso the Hoplite (level 19, -11/179 HPs)
             Began as a Minotaur Fighter on June 5, 2016.
             Was the Champion of Okawaru.
             Killed from afar by a deep elf high priest (38 damage)
             ... with damnation
             ... on level 3 of the Elven Halls on June 6, 2016.
             The game lasted 02:49:13 (43703 turns).

Peloso the Hoplite (Minotaur Fighter)              Turns: 43703, Time: 02:49:14

Health: -11/179    AC: 35    Str: 34    XL:     19   Next: 54%
Magic:  20/20      EV:  4    Int:  5    God:    Okawaru [******]
Gold:   4135       SH: 18    Dex: 13    Spells: 0 memorised, 18 levels left

rFire  . . .     SeeInvis +     T - +8 double sword (slice)
rCold  + . .     Gourm    .     h - +0 crystal plate armour of Trog's Envy {-Cast Str+4 Dex+6}
rNeg   . . .     Faith    .     J - +0 shield of Makhleb's Approval {rPois MR+++ Dex-5}
rPois  +         Spirit   .     M - +2 hat {MR+}
rElec  .         Dismiss  .     u - +1 cloak {rC+}
rCorr  +         Reflect  .     a - +2 pair of gloves {Str+3}
SustAt .         Harm     .     K - +0 pair of boots of the Tarantula {rPois SInv}
MR     +++++     NoCast   +     (no amulet)
Stlth  ..........               w - ring of poison resistance
                                q - ring of resist corrosion

@: almost entirely resistant to hostile enchantments, extremely unstealthy
A: retaliatory headbutt, horns 2
a: Heroism, Finesse, Renounce Religion
}: 1/15 runes: gossamer


You were on level 3 of the Elven Halls.
You worshipped Okawaru.
Okawaru was exalted by your worship.
You were not hungry.

You visited 6 branches of the dungeon, and saw 33 of its levels.
You also visited: Labyrinth, Sewer, Ossuary and Ice Cave.

You collected 4135 gold pieces.

Inventory:

Hand Weapons
 n - the +3 war axe "Giunwywn" {chop, +Blink +Fly rF+ MR++}
   (You found it on level 2 of the Lair of Beasts)

   It inflicts extra damage upon your enemies.
   It protects you from fire.
   It affects your resistance to hostile enchantments.
   It lets you fly.
   It lets you blink.
 z - a +3 scimitar of flaming
 I - a +2 demon blade of venom
 T - a +8 double sword of slicing (weapon)
Armour
 a - a +2 pair of gloves of strength (worn)
 b - the +12 crystal plate armour of Cowardice {+Blink Regen+ rCorr Stlth-}
   (You acquired it on level 3 of the Elven Halls)

   It lets you blink.
   It increases your rate of regeneration.
   It protects you from acid and corrosion.
   It makes you less stealthy.
 h - the +0 crystal plate armour of Trog's Envy (worn) {-Cast Str+4 Dex+6}
   (You found it on level 8 of the Lair of Beasts)

   It affects your strength (+4).
   It affects your dexterity (+6).
   It prevents spellcasting.
 u - a +1 cloak of cold resistance (worn)
 J - the +0 shield of Makhleb's Approval (worn) {rPois MR+++ Dex-5}
   (You took it off Asterion on level 2 of the Spider Nest)

   It affects your dexterity (-5).
   It protects you from poison.
   It affects your resistance to hostile enchantments.
 K - the +0 pair of boots of the Tarantula (worn) {rPois SInv}
   (Okawaru gifted it to you on level 7 of the Lair of Beasts)

   It protects you from poison.
   It lets you see invisible.
 L - a +0 shield of protection
 M - a +2 hat of magic resistance (worn)
 X - a +2 hat of see invisible
Jewellery
 q - a ring of resist corrosion (left hand)
 w - a ring of poison resistance (right hand)
Wands
 o - a wand of acid (10/15)
 E - a wand of heal wounds (4/9)
 G - a wand of digging (8/24)
 P - a wand of teleportation (4/9)
Scrolls
 c - 8 scrolls of identify
 i - 4 scrolls of magic mapping
 l - a scroll of acquirement
 m - 4 scrolls of recharging
 p - 12 scrolls of remove curse
 t - 7 scrolls of teleportation
 v - 7 scrolls of blinking
 y - 2 scrolls of summoning
 B - 4 scrolls of fog
 D - 2 scrolls of enchant armour
 F - 2 scrolls of silence
 S - a scroll of holy word
 U - 3 scrolls of fear
Potions
 d - 5 potions of might
 e - 8 potions of flight
 g - 6 potions of curing
 j - 7 potions of haste
 k - 11 potions of heal wounds
 C - 6 potions of agility
 Y - 2 potions of berserk rage
Comestibles
 f - 21 bread rations
 r - 2 chunks of flesh
 x - 17 meat rations
 N - 4 slices of pizza
 R - 24 fruits
 Z - a royal jelly


   Skills:
 + Level 18.0 Fighting
   Level 1.2(13.8) Short Blades
 + Level 21.8 Long Blades
 + Level 17.6 Armour
 + Level 4.5 Dodging
 + Level 1.5 Stealth
 + Level 22.3 Shields
 + Level 3.2 Invocations
 + Level 1.1 Evocations


You had 18 spell levels left.
You didn't know any spells.

Dungeon Overview and Level Annotations

Branches:
Dungeon (15/15)            Temple (1/1) D:5            Lair (8/8) D:11
  Swamp (0/4) Lair:6       Spider (4/4) Lair:3        Slime (0/6) Lair:8
    Orc (2/2) D:12            Elf (3/3) Orc:2        Vaults (0/5) D:14
 Depths (0/5) D:15

Altars:
Elyvilon
Fedhas
Gozag
Makhleb
Nemelex Xobeh
Okawaru
Qazlal
Sif Muna
Trog
Vehumet
Xom
Yredelemnul
Zin
The Shining One

Shops:
D:4 *   Orc:2 :*([(

Portals:
Hell: Lair:8


Innate Abilities, Weirdness & Mutations

You reflexively headbutt those who attack you in melee.
You have a pair of horns on your head.


Message History

The flail of protection hits you.
You block the deep elf blademaster's attack. x2
You slice the flail of protection!!
The flail of protection falls from the air.
The deep elf high priest calls down the wrath of its god upon you.
Something smites you!
* * * LOW HITPOINT WARNING * * *
Unknown command.
You closely miss the deep elf blademaster.
The deep elf blademaster is heavily wounded.
Your surroundings suddenly seem different.
Unknown command.
The deep elf annihilator shouts!
The deep elf mage shouts!
There is a stone staircase leading up here.
The deep elf annihilator points at you and mumbles some strange words.
The bolt of lightning hits you!
* * * LOW HITPOINT WARNING * * *
The deep elf high priest mumbles some strange prayers to its god against you.
The damnation unfurls!
The damnation engulfs you!
You die...

#......(..).##..e###.........#
#..........().Eeee.))........#
#.........(.(.eE####.........#
#...[.....((e.### #.....)...#
#.........)(e# ##'.....'##
###......()..#### ##.###.###.#
###...##.(e##.###.## ### ##'
########'.....'## ##.
#..@......# #..
#.........########..
#.........'......+..
###..<......########..
#...).......# #..
##..).....### ##. #.)))...###
## **###e##### #
**#....ee...#**


You could see a deep elf annihilator, a deep elf demonologist, a deep elf high
priest and a deep elf mage.

Vanquished Creatures
  Norris (Elf:2)
  Arachne (Spider:2)
  Rupert (D:15)
  Asterion (Spider:2)
  A deep elf blademaster (Elf:3)
  3 deep elf master archers (Elf:3)
  A sphinx (Elf:2)
  Kirke (Spider:4)
  Roxanne (Elf:1)
  2 deep elf sorcerers (Elf:3)
  An orc warlord (Orc:2)
  4 ghost moths (Spider:4)
  5 emperor scorpions
  4 deep elf elementalists (Elf:3)
  Nessos (D:15)
  Azrael (Elf:2)
  3 deep elf demonologists (Elf:3)
  3 deep elf annihilators (Elf:3)
  2 dire elephants (Lair:8)
  An ettin (Orc:2)
  A minotaur (Lab)
  3 fire dragons
  2 deep elf death magi (Elf:3)
  Josephine (Lair:5)
  3 entropy weavers
  Fannar (D:11)
  3 deep elf high priests
  11 hydras
  6 centaur warriors
  Erica (D:11)
  An ogre mage (D:14)
  2 tengu warriors
  35 dancing weapons
  6 death yaks
  6 orc high priests (Orc:2)
  23 deep elf knights
  2 slime creatures (Lair:8)
  A sun demon (Lair:8)
  A fire crab (shapeshifter) (D:14)
  3 unseen horrors
  6 skeletal warriors
  A wolf spider zombie (D:14)
  18 deep elf archers
  A necromancer (IceCv)
  8 hill giants
  3 harpies (Elf:2)
  5 orc knights
  15 orb spiders
  A wizard (Lair:8)
  8 griffons
  9 ugly things
  7 hornets
  81 deep elf magi
  An oklob plant (Lair:8)
  3 manticores (Elf:2)
  A moth of wrath (Spider:4)
  4 orc sorcerers
  32 wolf spiders
  16 elephants
  A salamander (shapeshifter) (D:13)
  7 cyclopes
  An ice statue (IceCv)
  5 black mambas
  Maurice (D:10)
  A smoke demon (Lair:8)
  Joseph (D:7)
  4 orange demons (Lair:8)
  18 spiny frogs
  A kobold demonologist (D:13)
  4 gargoyles
  13 komodo dragons
  10 demonic crawlers
  2 rime drakes
  10 freezing wraiths (IceCv)
  An efreet (D:15)
  4 ice devils (Lair:8)
  A red devil (Lair:8)
  7 trolls
  A queen bee (Spider:2)
  A wolf spider simulacrum (D:12)
  32 jumping spiders
  3 two-headed ogres
  20 blink frogs
  3 boulder beetles
  3 shadows (D:12)
  84 redbacks
  50 tarantellas
  2 air elementals
  6 wraiths
  6 wyverns
  A vampire (D:12)
  4 water elementals
  43 yaks
  5 fire elementals (Elf:2)
  10 hippogriffs
  A hog (Spider:4)
  A hungry ghost (D:6)
  A basilisk (shapeshifter) (Elf:1)
  9 vampire mosquitoes
  A basilisk (Lair:1)
  A steam dragon (Lair:4)
  5 swamp worms (Lair:6)
  A warg (Orc:2)
  13 water moccasins
  5 porcupines
  4 hell hounds
  3 sky beasts
  An alligator simulacrum (IceCv)
  11 ice beasts
  21 orc warriors
  5 phantoms
  3 black bears
  A necrophage (D:11)
  A boggart (D:14)
  2 wasps
  15 ogres
  19 wolves
  19 centaurs
  24 crocodiles
  An elf zombie (Ossuary)
  5 big kobolds
  24 giant frogs
  An earth elemental (Elf:2)
  A gnoll sergeant (D:8)
  2 wyvern skeletons (D:13)
  3 scorpions
  22 killer bees
  24 wights
  3 electric eels
  3 howler monkeys
  6 centaur zombies
  3 draconian simulacra (IceCv)
  4 giant frog zombies
  6 hounds
  A gnoll shaman (D:7)
  4 jellies
  5 giant frog skeletons
  13 orc priests
  Crazy Yiuf (D:3)
  21 orc wizards
  8 iguanas
  3 centaur skeletons
  5 hell rats (Lair:7)
  14 worker ants
  3 polar bear simulacra (IceCv)
  3 spriggan simulacra (IceCv)
  7 troll simulacra (IceCv)
  6 sheep
  2 centaur simulacra (IceCv)
  2 big kobold zombies (Ossuary)
  A hound skeleton (D:4)
  A howler monkey zombie (D:5)
  2 mummies (Ossuary)
  A worker ant zombie (D:10)
  8 gnolls
  8 adders
  A howler monkey skeleton (D:6)
  61 river rats
  4 naga simulacra (IceCv)
  An ogre simulacrum (IceCv)
  4 shadow imps
  24 white imps
  2 oozes
  6 adder skeletons
  An adder zombie (Ossuary)
  A worm (D:3)
  3 giant geckos
  78 orcs
  5 giant cockroaches
  8 hobgoblins
  9 jackals
  6 quokkas
  A ball python (D:3)
  A ball python skeleton (D:4)
  4 bats
  2 giant newts
  6 goblins
  A goblin zombie (Ossuary)
  5 hobgoblin zombies (Ossuary)
  15 kobolds
  11 kobold zombies (Ossuary)
  10 orc zombies (Ossuary)
  26 rats
  3 rat zombies (Ossuary)
  2 bushes
  A butterfly (Lair:1)
  A fungus (Lair:8)
  9 plants
1442 creatures vanquished.

Vanquished Creatures (others)
  A demonic crawler (Spider:2)
  A tarantella (Spider:2)
  3 humans (Spider:4)
  An orc (D:7)
  40 fungi
  27 plants
73 creatures vanquished.

Grand Total: 1515 creatures vanquished

Notes
Turn   | Place    | Note
--------------------------------------------------------------
     0 | D:1      | Peloso the Minotaur Fighter began the quest for the Orb.
     0 | D:1      | Reached XP level 1. HP: 19/19 MP: 0/0
   291 | D:1      | Reached XP level 2. HP: 24/27 MP: 1/1
   659 | D:2      | Reached skill level 4 in Shields
  1028 | D:2      | Reached XP level 3. HP: 33/33 MP: 2/2
  1170 | D:2      | Reached skill level 1 in Dodging
  1790 | D:3      | Noticed Crazy Yiuf
  1798 | D:3      | Killed Crazy Yiuf
  1798 | D:3      | Reached XP level 4. HP: 38/40 MP: 3/3
  1877 | D:3      | Found a stormy altar of Qazlal.
  2369 | D:4      | Reached XP level 5. HP: 40/46 MP: 4/4
  2375 | D:4      | Found a glowing silver altar of Zin.
  2375 | D:4      | Found Zin's Purification Station.
  2487 | D:4      | Found a glowing drain.
  2495 | Sewer    | Entered a sewer
  2596 | Sewer    | Reached skill level 5 in Armour
  2596 | Sewer    | Reached skill level 5 in Shields
  2626 | Sewer    | Found a white marble altar of Elyvilon.
  2848 | D:4      | Reached XP level 6. HP: 52/52 MP: 5/5
  3532 | D:5      | Entered Level 5 of the Dungeon
  3552 | D:5      | Reached XP level 7. HP: 21/60 MP: 6/6
  3562 | D:5      | Reached skill level 6 in Shields
  3856 | D:5      | Found a glowing golden altar of the Shining One.
  4249 | D:5      | Reached skill level 5 in Fighting
  5003 | D:5      | Reached skill level 5 in Long Blades
  5158 | D:5      | Found a staircase to the Ecumenical Temple.
  5168 | Temple   | Entered the Ecumenical Temple
  5182 | Temple   | Became a worshipper of Warmaster Okawaru
  5376 | D:6      | Found a sand-covered staircase.
  5380 | Ossuary  | Entered an ossuary
  5537 | Ossuary  | Reached XP level 8. HP: 41/68 MP: 7/7
  5591 | Ossuary  | Reached skill level 7 in Shields
  5905 | D:6      | Reached * piety under Okawaru
  6691 | D:7      | Reached XP level 9. HP: 74/78 MP: 8/8
  6729 | D:7      | Noticed Joseph
  6905 | D:7      | Killed Joseph
  6905 | D:7      | Reached ** piety under Okawaru
  6905 | D:7      | Reached skill level 8 in Shields
  7014 | D:7      | Reached skill level 9 in Shields
  7829 | D:8      | Reached *** piety under Okawaru
  7944 | D:8      | Reached skill level 10 in Shields
  8181 | D:8      | Reached XP level 10. HP: 84/88 MP: 9/9
  8690 | D:9      | Found a shimmering altar of Xom.
  9089 | D:9      | Reached **** piety under Okawaru
  9276 | D:10     | Entered Level 10 of the Dungeon
  9292 | D:10     | Noticed a hill giant
  9299 | D:10     | Killed a hill giant
  9299 | D:10     | Reached skill level 10 in Armour
  9329 | D:10     | Reached skill level 11 in Shields
  9393 | D:10     | Found a sparkling altar of Nemelex Xobeh.
  9548 | D:10     | Noticed a hill giant
  9552 | D:10     | Noticed Maurice
  9552 | D:10     | Noticed a gargoyle
  9595 | D:9      | Killed a hill giant
  9600 | D:9      | Killed a gargoyle
  9600 | D:9      | Reached skill level 10 in Long Blades
  9777 | D:10     | Killed Maurice
  9777 | D:10     | Received a gift from Okawaru
  9777 | D:10     | Reached ***** piety under Okawaru
  9984 | D:10     | Reached XP level 11. HP: 89/95 MP: 10/10
 10264 | D:11     | Noticed Erica
 10282 | D:11     | Killed Erica
 10282 | D:11     | Received a gift from Okawaru
 10294 | D:11     | Got a transparent longbow {god gift}
 10325 | D:11     | Noticed Fannar
 10338 | D:11     | Killed Fannar
 10371 | D:11     | Reached skill level 12 in Shields
 10664 | D:11     | Reached skill level 1 in Stealth
 10681 | D:11     | Found a staircase to the Lair.
 10831 | D:11     | Noticed a hill giant
 10842 | D:11     | Killed a hill giant
 11443 | D:12     | Received a gift from Okawaru
 11574 | D:12     | Noticed a four-headed hydra
 11580 | D:12     | Killed a one-headed hydra
 11667 | D:12     | Reached skill level 10 in Fighting
 11936 | D:12     | Noticed a skeletal warrior
 11978 | D:12     | Killed a skeletal warrior
 11978 | D:12     | Reached skill level 13 in Shields
 11978 | D:12     | Reached XP level 12. HP: 52/106 MP: 11/11
 12737 | D:12     | Found a staircase to the Orcish Mines.
 12974 | D:13     | Found a glowing silver altar of Zin.
 13404 | D:13     | Found a runed door.
 13480 | D:13     | Received a gift from Okawaru
 13684 | D:13     | Noticed a centaur warrior
 13704 | D:13     | Killed a centaur warrior
 13889 | D:13     | Reached skill level 14 in Shields
 13889 | D:13     | Reached skill level 1 in Invocations
 13903 | D:13     | Noticed a six-headed hydra
 13903 | D:13     | Noticed a centaur warrior
 13916 | D:13     | Killed a centaur warrior
 13916 | D:13     | Reached ****** piety under Okawaru
 13920 | D:13     | Killed a three-headed hydra
 14320 | D:14     | Reached XP level 13. HP: 70/116 MP: 12/12
 14371 | D:14     | Found a frozen archway.
 14392 | D:14     | Found a labyrinth entrance.
 14401 | Lab      | Entered a labyrinth
 14526 | Lab      | Found an exit through the horrors of the Abyss.
 14767 | Lab      | Noticed a minotaur
 14778 | Lab      | Killed a minotaur
 14797 | Lab      | Got a steaming short sword {freeze}
 14823 | Lab      | Identified the cursed +1 short sword of the Fulmar {freeze, rF+ MP+9 Stlth+} (You took it off a minotaur in a labyrinth)
 14896 | D:14     | Received a gift from Okawaru
 15088 | IceCv    | Entered an ice cave
 15462 | IceCv    | Reached skill level 1 in Short Blades
 15830 | IceCv    | Found an ancient bone altar of Kikubaaqudgha.
 16424 | IceCv    | Reached skill level 15 in Shields
 18890 | D:14     | Found a gate to the Vaults.
 19007 | Lair:1   | Entered Level 1 of the Lair of Beasts
 19255 | Lair:1   | Reached XP level 14. HP: 106/127 MP: 14/14
 19693 | Lair:1   | Received a gift from Okawaru
 19914 | Lair:2   | Got a brightly glowing war axe
 19915 | Lair:2   | Identified the cursed +3 war axe "Giunwywn" {chop, +Blink +Fly rF+ MR++} (You found it on level 2 of the Lair of Beasts)
 20621 | Lair:3   | Found a hole to the Spider Nest.
 20628 | Lair:3   | Reached skill level 15 in Long Blades
 21535 | Lair:4   | Reached skill level 16 in Shields
 22012 | Lair:3   | Received a gift from Okawaru
 22089 | Lair:4   | Found a bloodstained altar of Trog.
 22610 | Lair:5   | Noticed Josephine
 22630 | Lair:5   | Killed Josephine
 23739 | Lair:6   | Found a staircase to the Swamp.
 24150 | Lair:7   | Received a gift from Okawaru
 24153 | Lair:7   | Got a pair of polished boots {god gift}
 24159 | Lair:7   | Identified the +0 pair of boots of the Tarantula {rPois SInv} (Okawaru gifted it to you on level 7 of the Lair of Beasts)
 24904 | Lair:8   | Entered Level 8 of the Lair of Beasts
 24922 | Lair:8   | Reached skill level 17 in Shields
 25087 | Lair:8   | Reached XP level 15. HP: 116/137 MP: 15/15
 25398 | Lair:8   | Found a staircase to the Slime Pits.
 25923 | Lair:8   | Found a blossoming altar of Fedhas.
 26439 | Lair:8   | Found a burning altar of Makhleb.
 26520 | Lair:8   | Received a gift from Okawaru
 26888 | Lair:8   | Found a gateway to Hell.
 26899 | Lair:8   | Got a citrine-encrusted crystal plate armour
 26912 | Lair:8   | Identified the +0 crystal plate armour of Trog's Envy {-Cast Str+4 Dex+6} (You found it on level 8 of the Lair of Beasts)
 27606 | D:14     | Reached skill level 18 in Shields
 27612 | D:14     | Received a gift from Okawaru
 27732 | D:15     | Entered Level 15 of the Dungeon
 27865 | D:15     | Noticed Nessos
 27875 | D:15     | Killed Nessos
 27875 | D:15     | Received a gift from Okawaru
 27944 | D:15     | Noticed Rupert
 27957 | D:15     | Killed Rupert
 28193 | D:15     | Found a staircase to the Depths.
 28366 | D:15     | Reached skill level 15 in Armour
 28519 | Orc:1    | Entered Level 1 of the Orcish Mines
 28852 | Orc:2    | Entered Level 2 of the Orcish Mines
 28902 | Orc:2    | Reached XP level 16. HP: 109/147 MP: 16/16
 28953 | Orc:2    | Found Veejom's Antique Weapon Shop.
 29361 | Orc:2    | Found Acvis's General Store.
 29411 | Orc:2    | Found a staircase to the Elven Halls.
 29415 | Orc:2    | Found Focap's Book Shop.
 29447 | Orc:2    | Received a gift from Okawaru
 29797 | Orc:2    | Found Engairel's Antique Weapon Emporium.
 29862 | Orc:2    | Found Ovele's Antique Armour Emporium.
 30391 | Spider:1 | Entered Level 1 of the Spider Nest
 30547 | Spider:1 | Reached skill level 15 in Fighting
 30833 | Spider:1 | Reached skill level 19 in Shields
 31632 | Spider:1 | You fall through a shaft!
 31639 | Spider:2 | Noticed Arachne
 31656 | Spider:2 | Killed Arachne
 32067 | Spider:2 | Noticed Asterion
 32096 | Spider:2 | Killed Asterion
 32098 | Spider:2 | Got a twisted shield
 32133 | Spider:2 | Received a gift from Okawaru
 32171 | Spider:2 | Identified the cursed +0 shield of Makhleb's Approval {rPois MR+++ Dex-5} (You took it off Asterion on level 2 of the Spider Nest)
 33967 | Spider:3 | Reached XP level 17. HP: 156/156 MP: 17/17
 34572 | Spider:4 | Entered Level 4 of the Spider Nest
 34625 | Spider:4 | Reached skill level 20 in Shields
 35043 | Spider:4 | Received a gift from Okawaru
 35321 | Spider:4 | Noticed Kirke
 35333 | Spider:4 | Killed Kirke
 36470 | Spider:4 | Got a gossamer rune of Zot
 36861 | Elf:1    | Entered Level 1 of the Elven Halls
 37252 | Elf:1    | Received a gift from Okawaru
 37596 | Elf:1    | Reached XP level 18. HP: 40/168 MP: 19/19
 37677 | Elf:1    | HP: 7/168 [burnt (7)]
 38246 | Elf:1    | Reached skill level 21 in Shields
 38488 | Elf:1    | Noticed Roxanne
 38513 | Elf:1    | Killed Roxanne
 38803 | Elf:1    | Reached skill level 1 in Evocations
 39271 | Elf:1    | Received a gift from Okawaru
 39846 | Elf:2    | Found a runed gate.
 39847 | Elf:2    | Found a runed gate.
 39849 | Elf:2    | Found a runed gate.
 39866 | Elf:2    | Noticed Azrael
 39892 | Elf:2    | Killed Azrael
 41041 | Elf:2    | Noticed Norris
 41065 | Elf:2    | Killed Norris
 41918 | Elf:2    | Received a gift from Okawaru
 41973 | Elf:2    | Reached XP level 19. HP: 53/177 MP: 20/20
 42504 | Elf:3    | Entered Level 3 of the Elven Halls
 42715 | Elf:3    | Identified a scroll of acquirement
 42719 | Elf:3    | Got a brightly glowing crystal plate armour
 42736 | Elf:3    | Reached skill level 22 in Shields
 42795 | Elf:3    | Identified the +12 crystal plate armour of Cowardice {+Blink Regen+ rCorr Stlth-} (You acquired it on level 3 of the Elven Halls)
 43057 | Elf:3    | Received a gift from Okawaru
 43703 | Elf:3    | Killed from afar by a deep elf high priest

Skill      XL: |  1  2  3  4  5  6  7  8  9 10 11 12 13 14 15 16 17 18 19 |
---------------+----------------------------------------------------------+-----
Armour         | 4 5 6 7 9 10 11 12 13 14 15 16 17 | 17.6
Shields        | 4 5 6 7 10 11 13 14 15 17 18 19 20 21 22 | 22.3
Dodging        | 2 3 4 |  4.5
Fighting       | 4 5 6 7 8 10 11 12 13 14 15 16 17 18 | 18.0
Long Blades    | 3 4 5 7 8 10 11 13 14 16 17 18 20 21 | 21.8
Stealth        | 1 |  1.5
Invocations    | 1 2 3 |  3.2
Short Blades   | 1 |  1.2
Evocations     | 1 |  1.1

Action                   |  1- 3 |  4- 6 |  7- 9 | 10-12 | 13-15 | 16-18 | 19-21 || total
-------------------------+-------+-------+-------+-------+-------+-------+-------++-------
Melee: Long sword        |   153 |   153 |   462 |   228 |       |       |       ||   996
       Headbutt          |    37 |    28 |   102 |   195 |   511 |   555 |    46 ||  1474
       Scimitar          |       |       |       |   636 |  1862 |   493 |       ||  2991
       Short sword       |       |       |       |       |    90 |       |       ||    90
       Demon blade       |       |       |       |       |       |  1310 |       ||  1310
       Double sword      |       |       |       |       |       |    26 |   201 ||   227
Invok: Heroism           |       |       |     2 |     8 |    24 |     8 |     3 ||    45
       Finesse           |       |       |       |       |     2 |     3 |       ||     5
Evoke: Wand              |       |       |       |       |     2 |     6 |     1 ||     9
  Use: Scroll            |       |     4 |    10 |    13 |    13 |     5 |    14 ||    59
       Potion            |       |       |       |       |     4 |     3 |       ||     7
 Stab: Distracted        |       |       |       |       |       |       |     2 ||     2
  Eat: Chunk             |     2 |     6 |    18 |    21 |    37 |    34 |     6 ||   124
       Beef jerky        |       |     1 |       |       |     3 |     6 |       ||    10
       Meat ration       |       |       |       |       |     1 |       |       ||     1
       Royal jelly       |       |       |       |       |     1 |       |       ||     1
       Pizza             |       |       |       |       |     1 |     1 |       ||     2
Armor: Scale mail        |    58 |     8 |     8 |       |       |       |       ||    74
       Chain mail        |       |    79 |    11 |       |       |       |       ||    90
       Plate armour      |       |       |   224 |   138 |       |       |       ||   362
       Crystal plate arm |       |       |       |   235 |  1083 |   981 |   103 ||  2402
Dodge: Dodged            |    39 |    44 |   107 |   189 |   514 |   465 |    41 ||  1399
Block: Shield            |    52 |    72 |   284 |   555 |  1479 |  1426 |   163 ||  4031
